 Dungeon Crawl Stone Soup version 0.30-a0-782-ge64f9170bb (webtiles) character file.

Game seed: 2126948995595216437

67 Mudhenn the Shield-Bearer (level 3, -5/36 HPs)
             Began as a Troll Fighter on Feb 21, 2023.
             Killed from afar by Ijyb (19 damage)
             ... with a bolt of acid
             ... on level 2 of the Dungeon.
             The game lasted 00:05:50 (1441 turns).

Mudhenn the Shield-Bearer (Troll Fighter)           Turns: 1441, Time: 00:05:51

Health: -5/36      AC:  0    Str: 29    XL:     3   Next: 98%
Magic:  2/2        EV:  8    Int:  4    God:
Gold:   107        SH:  7    Dex:  9    Spells: 2/2 levels left

rFire   . . .      SeeInvis .    q - +2 mace of Yrah {freeze, Str+3}
rCold   . . .      Faith    .    c - +0 kite shield
rNeg    . . .      Spirit   .    b - +0 robe
rPois   .          Reflect  .    (helmet restricted)
rElec   .          Harm     .    (no cloak)
rCorr   .          Rampage  .    (gloves unavailable)
Will    .....                    (boots unavailable)
Stlth   +                        (no amulet)
HPRegen 1.06/turn                (no ring)
MPRegen 0.08/turn                (no ring)

@: mighty, corroded
A: large, unfitting armour, claws 3, regeneration 1, shaggy fur 1, tough skin 1
a: no special abilities


You were on level 2 of the Dungeon.
You visited 1 branch of the dungeon, and saw 2 of its levels.

You collected 107 gold pieces.

Inventory:

Hand Weapons
 a - a +0 flail
 q - the +2 mace of Yrah (weapon) {freeze, Str+3}
   (You found it on level 2 of the Dungeon)

   Str:       It affects your strength (+3).
Missiles
 j - 5 atropa-tipped darts (quivered)
Armour
 b - a +0 robe (worn)
 c - a +0 kite shield (worn)
 s - a +0 cloak
Jewellery
 m - a ring of protection from cold
Scrolls
 e - a scroll of vulnerability {unknown}
 f - a scroll of silence
 g - a scroll of brand weapon {unknown}
 h - a scroll of fear {unknown}
 i - 2 scrolls of immolation {unknown}
 k - a scroll of enchant armour {unknown}
 r - 2 scrolls of identify
Potions
 l - 2 potions of curing {unknown}
 n - a potion of heal wounds {unknown}
 o - a potion of attraction {unknown}
 p - a potion of flight {unknown}


   Skills:
 + Level 2.7 Fighting
 + Level 2.3 Maces & Flails
 + Level 3.0 Dodging
 + Level 3.2 Shields


You had 2 spell levels left.
You didn't know any spells.
Your spell library contained the following spells:

 Spells                   Type           Power      Damage    Failure   Level
 Ozocubu's Armour         Ice            0%         N/A       99%         3
 Ozocubu's Refrigeration  Ice            0%         4d7       100%        7


Dungeon Overview and Level Annotations

Branches:
Dungeon (2/15)

Altars:

Shops:
D:1 *

Annotations:
D:2 Ijyb


Innate Abilities, Weirdness & Mutations

You are too large for most types of armour.
You have claws for hands.
Your natural rate of healing is unusually fast.
You are covered in fur. (AC +1)
You have tough skin. (AC +1)


Message History

You kill the bat!
e - a scroll labelled FEULA KUPNYSK
j - an atropa-tipped dart
j - 2 atropa-tipped darts (gained 1)
j - 3 atropa-tipped darts (gained 1)
r - 2 scrolls of identify (gained 1)
j - 5 atropa-tipped darts (gained 2)
The helpless endoplasm fails to defend itself.
You thump the endoplasm! You freeze the endoplasm.
You kill the endoplasm! 2 goblins come into view.
The goblin shouts!
You hear a shout!
The goblin moves out of view.
You hear a shout! x2
Ijyb and 4 goblins come into view.
Ijyb is wielding a +0 dagger and carrying a wand of acid (11).
Ijyb shouts!
The goblin shouts! x5
Ijyb screams, "Me stronger than you!"
You feel very mighty all of a sudden. The goblin hits you with a +0 club.
You block the goblin's attack.
You closely miss the goblin. The goblin barely misses you.
The goblin closely misses you.
You bludgeon the goblin!! You freeze the goblin.
You kill the goblin!
The goblin hits you but does no damage.
You thump the goblin! You freeze the goblin.
You kill the goblin!
You block the goblin's attack. The goblin hits you with a +0 dagger.
The goblin hits you but does no damage.
You thump the goblin! You freeze the goblin.
You kill the goblin!
You closely miss the goblin.
Ijyb zaps a wand.
The bolt of acid hits you! The acid corrodes you!
You block the goblin's attack. The goblin closely misses you.
You sock the goblin! You freeze the goblin.
You kill the goblin!
Ijyb zaps a wand.
The bolt of acid hits you!
Ijyb zaps a wand.
The bolt of acid hits you!!
Ouch! That really hurt!
You die...

....###.##......)#
....##...........#8.....8#
....##...........#.......#
....#..##....#...#8.....8#
.......##........#.......#
.................#8.....8#
.................#.......#
>....##.#......#.#8g....8#
.....##.#......#@gg......#
....###.####.#.#.........#
...)# #..
...#............. ...##
#.............####### ..##
.........#.#..# .##
.#.....###..... .###
#.....# ##..... ...#
.#####.. ###.... ...# ..#
##......#..


You could see Ijyb and 2 goblins.

Vanquished Creatures
  2 adders (D:2)
  2 dart slugs
  A ball python (D:2)
  4 endoplasms
  15 goblins
  5 hobgoblins
  2 kobolds (D:1)
  2 quokkas
  4 bats
  2 frilled lizards
  2 rats (D:1)
41 creatures vanquished.

Notes
Turn   | Place    | Note
-------+----------+-------------------------------------------
     0 | D:1      | Mudhenn the Troll Fighter began the quest for the Orb.
     0 | D:1      | Reached XP level 1. HP: 22/22 MP: 0/0
   260 | D:1      | Found Feveodyko's General Store.
   330 | D:1      | Reached XP level 2. HP: 26/29 MP: 1/1
  1028 | D:2      | Reached XP level 3. HP: 36/36 MP: 2/2
  1173 | D:2      | Identified the +2 mace of Yrah {freeze, Str+3}
  1427 | D:2      | Noticed Ijyb
  1441 | D:2      | Killed from afar by Ijyb

Illustrated notes

Levels and vault maps discovered:
D:1:      amcnicky_arrival_abandoned_market, layout_basic, serial_shops,
          nicolae_shop_advertising_works [nicolae_subvault_shop_adworks]
D:2:      kennysheep_the_goblin_king, layout_rooms

Skill      XL: |  1  2  3 |
---------------+----------+-----
Maces & Flails | 2 |  2.3
Shields        | 3 |  3.2
Dodging        | 3 |  3.0
Fighting       | |  2.7

Action                     || total
---------------------------++-------
  Melee: Flail             ||   114
         Mace              ||    24
  Throw: Stone             ||    12
         Dart              ||     5
    Use: Scroll            ||     3
         Potion            ||     1
   Stab: Sleeping          ||     1
 Armour: Robe              ||    80
  Dodge: Dodged            ||    93
  Block: Kite shield       ||    72

Table legend: (Time is in decaauts)
 A = Elapsed time spent in this place.
 B = Non-inter-level travel time spent in this place.
 C = Inter-level travel time spent in this place.
 D = Time resting spent in this place.
 E = Time spent auto-exploring this place.
 F = Levels seen in this place.
 G = Mean time per level.
                   A        B        C        D        E       F      G
               +--------+--------+--------+--------+--------+-----+--------+
         Total |   1504 |   1433 |     71 |    100 |    212 |   2 |  752.0 |
       Dungeon |   1504 |   1433 |     71 |    100 |    212 |   2 |  752.0 |
               +--------+--------+--------+--------+--------+-----+--------+

Top non-repeatable levels by time:
     D:1: 1038 daAuts
     D:2: 465 daAuts
